 Dungeon Crawl Stone Soup version 0.22.1-2-g9c5b331383 (webtiles) character file.

245 Crag the Magician (level 5, -4/28 HPs)
             Began as a Deep Elf Air Elementalist on Jan 6, 2019.
             Killed from afar by an orc wizard (7 damage)
             ... with a puff of flame
             ... on level 3 of the Dungeon.
             The game lasted 00:13:21 (3723 turns).

Crag the Magician (Deep Elf Air Elementalist)       Turns: 3723, Time: 00:13:22

Health: -4/28      AC:  3    Str:  5    XL:     5   Next: 84%
Magic:  11/14      EV: 14    Int: 21    God:
Gold:   180        SH:  0    Dex: 15    Spells: 3/13 levels left

rFire    . . .     SeeInvis .   u - +1 short sword
rCold    . . .     Gourm    .   (no shield)
rNeg     . . .     Faith    .   a - +0 robe
rPois    .         Spirit   .   (no helmet)
rElec    .         Reflect  .   o - +0 cloak
rCorr    .         Harm     .   (no gloves)
MR       .....                  (no boots)
Stlth    +++.......             (no amulet)
HPRegen  0.09/turn              p - ring of stealth
MPRegen  0.14/turn              (no ring)

@: very slightly contaminated, invisible
A: no striking features
a: no special abilities


You were on level 3 of the Dungeon.
You were not hungry.

You visited 1 branch of the dungeon, and saw 4 of its levels.

You collected 180 gold pieces.

Inventory:

Hand Weapons
 g - a +0 club
 m - a +0 whip
 u - a +1 short sword (weapon)
Missiles
 v - 65 stones (quivered)
Armour
 a - a +0 robe (worn)
 o - a +0 cloak (worn)
Jewellery
 p - a ring of stealth (left hand)
Wands
 e - a wand of iceblast (8)
 w - a wand of flame (28)
Scrolls
 b - 5 scrolls of identify
 d - 2 scrolls of enchant weapon
 f - a scroll of fog
 h - a scroll of remove curse
 l - a scroll of blinking
 x - 5 scrolls of teleportation
Comestibles
 c - 8 rations
 i - a chunk of flesh


   Skills:
 + Level 3.6 Dodging
 - Level 3.0 Stealth
 + Level 4.9 Spellcasting
 + Level 2.8 Conjurations
 + Level 4.3 Air Magic
 - Level 1.0 Poison Magic


You had 3 spell levels left.
You knew the following spells:

 Your Spells              Type           Power        Failure   Level  Hunger
a - Shock                 Conj/Air       ###.         2%          1    None
b - Swiftness             Chrm/Air       ##......     7%          2    None
c - Mephitic Cloud        Conj/Pois/Air  ###.....     11%         3    ##.....
d - Airstrike             Air            ###.......   19%         4    ####...

Your spell library contained the following spells:

 Spells                   Type           Power        Failure   Level  Hunger
 Poisonous Vapours        Pois/Air       ###...       5%          2    None
 Static Discharge         Conj/Air       ###.....     8%          3    ##.....
 Conjure Flame            Conj/Fire      ##......     19%         3    ##.....
 Lightning Bolt           Conj/Air       ###.......   56%         5    #####..
 Freezing Cloud           Conj/Ice/Air   ###.......   99%         6    #######
 Ring of Flames           Chrm/Fire      #.........   100%        7    #######


Dungeon Overview and Level Annotations

Branches:
Dungeon (4/15)
 Temple: D:4-7

Altars:

Annotations:
D:3 1 runed door, McIrco's ghost, amateur CeHu


Message History

A puff of flame appears from out of thin air!
The puff of flame misses you. The adder skeleton barely misses you.
Something hits you. The adder skeleton misses you.
You climb upwards.
Level annotation: 1 runed door, McIrco's ghost, amateur CeHu
There is a stone staircase leading down here.
You start resting.
Something hits you but does no damage.
You start resting.
Something hits you.
You start resting.
You hear some strange, mumbled words.
A magic dart appears from out of thin air!
The magic dart hits you!
* * * LOW HITPOINT WARNING * * *
You fade into invisibility!
Something hits you.
* * * LOW HITPOINT WARNING * * *
You are very lightly contaminated with residual magic.
A puff of flame appears from out of thin air!
The puff of flame hits you!
You die...

#..# #.# #P.#.###.##..
#..#######.# #8:+..##.##..
#..........# #PW#..##.##..
######..#########
#####........ ........#
#.###..##.. .#####..########
#.# #...... .#
#.........########.###......
.#
#..####................###.#
.# #..# #...#@##########.#
#.# .# #..# #####.# #.# #.#
.# #..## #.# #.# #.# ##
#...#######.# #.# #.# #
##.........># #.# #.. #
##.######### #.# #.# # #.#
#.# #.# # #.# #.# #.# #
#.#### #)###.#


There were no monsters in sight!

Vanquished Creatures
  A phantom (D:3)
  A crimson imp (D:2)
  Terence (D:2)
  2 adders (D:2)
  3 worms (D:3)
  A leopard gecko (D:2)
  5 orcs (D:3)
  6 giant cockroaches
  5 goblins
  5 hobgoblins
  11 jackals
  6 kobolds
  A quokka (D:3)
  A ball python (D:2)
  4 bats
  4 frilled lizards
  3 rats
60 creatures vanquished.

Vanquished Creatures (others)
  A withered plant (D:3)
1 creature vanquished.

Grand Total: 61 creatures vanquished

Notes
Turn   | Place    | Note
-------+----------+-------------------------------------------
     0 | D:1      | Crag the Deep Elf Air Elementalist began the quest for the
                  | Orb.
     0 | D:1      | Reached XP level 1. HP: 10/10 MP: 6/6
     3 | D:1      | Noticed an electric eel
     3 | D:1      | Noticed an electric eel
   536 | D:1      | Reached XP level 2. HP: 15/15 MP: 1/8
  1366 | D:2      | Reached XP level 3. HP: 17/19 MP: 2/10
  1463 | D:2      | Learned a level 2 spell: Swiftness
  1724 | D:2      | Learned a level 3 spell: Mephitic Cloud
  1795 | D:2      | Noticed Terence
  1822 | D:2      | Killed Terence
  1822 | D:2      | Reached XP level 4. HP: 18/24 MP: 2/12
  2096 | D:2      | Learned a level 4 spell: Airstrike
  2204 | D:2      | Reached skill level 1 in Poison Magic
  2912 | D:3      | Found a runed door.
  2963 | D:3      | Reached XP level 5. HP: 28/28 MP: 4/13
  2984 | D:3      | Noticed a phantom
  2995 | D:3      | Noticed McIrco's ghost (amateur CeHu)
  3108 | D:3      | Killed a phantom
  3723 | D:3      | Killed from afar by an orc wizard

Skill      XL: |  1  2  3  4 |
---------------+-------------+-----
Spellcasting   | 4 |  4.9
Stealth        | 3 |  3.0
Dodging        | 3 |  3.6
Conjurations   | 2 |  2.8
Poison Magic   | 1 |  1.0
Air Magic      | 4 |  4.3

Action                   |  1- 3 |  4- 6 || total
-------------------------+-------+-------++-------
Melee: Dagger            |     6 |     4 ||    10
       Whip              |     1 |       ||     1
       Short sword       |       |     6 ||     6
 Cast: Shock             |    67 |    72 ||   139
       Mephitic Cloud    |     1 |     3 ||     4
       Swiftness         |     1 |     2 ||     3
  Use: Scroll            |       |     8 ||     8
       Potion            |       |     7 ||     7
 Stab: Confused          |     1 |       ||     1
       Sleeping          |     1 |       ||     1
  Eat: Chunk             |     2 |     7 ||     9
Armor: Robe              |     1 |     9 ||    10
Dodge: Dodged            |    13 |    21 ||    34
